[Event "ICC tourney 1921 (15 5)"]
[Site "Internet Chess Club"]
[Date "2020.07.17"]
[Round "4"]
[White "AwarePiece"]
[Black "Pinkqueens"]
[Result "1-0"]
[ICCResult "Black checkmated"]
[WhiteElo "1511"]
[BlackElo "1343"]
[Opening "Ruy Lopez: classical (Cordel) defense"]
[ECO "C64"]
[NIC "RL.01"]
[Time "15:16:13"]
[TimeControl "900+5"]

1. e4 e5 2. Nf3 Nc6 3. Bb5 Bc5 4. O-O d6 5. d4 exd4 6. Nxd4 Bd7 7. Bxc6 Bxc6
8. Nxc6 bxc6 9. Nc3 Nf6 10. Qe2 O-O 11. Be3 Bb6 12. f3 Re8 13. a4 a6 14.
Rfd1 h6 15. Bxb6 cxb6 16. Qc4 Qc7 17. Rd2 Red8 18. Rad1 a5 19. Nb5 Qc8 20.
Nxd6 Qc7 21. e5 Ne8 22. Nxe8 Rxe8 23. Rd7 Qxe5 24. Qxf7+ Kh8 25. Qb3 Qc5+
26. Kf1 Re3 27. Qf7 Qe5 28. f4 Qf6 29. Qxf6 gxf6 30. g3 Re6 31. Rb7 c5 32.
Rbd7 Rae8 33. R7d6 Re2 34. R1d2 Re1+ 35. Kf2 R1e6 36. f5 Re5 37. Rxf6 Kg7
38. Rg6+ Kh7 39. Rd7+ R8e7 40. Rxe7+ Rxe7 41. Rxb6 Re5 42. g4 Rd5 43. Rb5
Rd2+ 44. Kg3 Rxc2 45. Rxa5 c4 46. Rb5 c3 47. bxc3 Rxc3+ 48. Kh4 Rc2 49. h3
Ra2 50. a5 Kg7 51. Kh5 Ra3 52. h4 Ra4 53. Rb7+ Kf6 54. Rb6+ Kg7 55. a6 Kh8
56. Kxh6 Kg8 57. g5 Rxh4+ 58. Kg6 Kf8 59. a7 Ra4 60. Rb8+ Ke7 61. a8=Q Rxa8
62. Rxa8 Kd7 63. f6 Ke6 64. f7 Ke7 65. f8=Q+ Ke6 66. Re8+ Kd5 67. Qe7 Kd4
68. Qd7+ Kc5 69. Rc8+ Kb6 70. Qc7+ Ka6 71. Qc1 Kb7 72. Rc2 Kb6 73. Rb2+ Ka5
74. Qa1# {Black checkmated} 1-0

[Event "ICC tourney 1921 (15 5)"]
[Site "Internet Chess Club"]
[Date "2020.07.17"]
[Round "4"]
[White "hollyelf"]
[Black "funplaychess"]
[Result "0-1"]
[ICCResult "White checkmated"]
[WhiteElo "1631"]
[BlackElo "1797"]
[Opening "Sicilian: Najdorf"]
[ECO "B90"]
[NIC "SI.14"]
[Time "15:16:03"]
[TimeControl "900+5"]

1. e4 c5 2. Nf3 d6 3. d4 cxd4 4. Nxd4 Nf6 5. Nc3 a6 6. h4 e5 7. Nb3 Be6 8.
f4 exf4 9. Bxf4 Nc6 10. Qd2 Ne5 11. O-O-O Be7 12. Be2 O-O 13. h5 Qc7 14. Nd5
Bxd5 15. exd5 Rac8 16. c3 Rfd8 17. Kb1 h6 18. Ka1 a5 19. Nd4 a4 20. Nf5 Bf8
21. Bxe5 dxe5 22. c4 a3 23. b3 b5 24. g4 bxc4 25. Bxc4 Nxd5 26. Bxd5 Rxd5
27. Rc1 Rxd2 28. Rxc7 Rxc7 29. g5 hxg5 30. Kb1 e4 31. Re1 Rd5 32. Ng3 Re5
33. Rxe4 Rxe4 34. Nxe4 g4 35. h6 Bb4 36. hxg7 Kxg7 37. Ng3 Bd2 38. Ne2 g3
39. b4 g2 40. b5 g1=Q+ 41. Nxg1 Rc1# {White checkmated} 0-1

[Event "ICC tourney 1921 (15 5)"]
[Site "Internet Chess Club"]
[Date "2020.07.17"]
[Round "4"]
[White "ickyquarter"]
[Black "Kausy"]
[Result "1-0"]
[ICCResult "Black resigns"]
[WhiteElo "1552"]
[BlackElo "1678"]
[Opening "Ruy Lopez: closed, Breyer, Borisenko variation"]
[ECO "C95"]
[NIC "RL.25"]
[Time "15:16:15"]
[TimeControl "900+5"]

1. e4 e5 2. Nf3 Nc6 3. Bb5 a6 4. Ba4 Nf6 5. O-O Be7 6. Re1 b5 7. Bb3 O-O 8.
c3 d6 9. h3 Nb8 10. d4 Nbd7 11. Nbd2 Bb7 12. Bc2 Re8 13. Nf1 Bf8 14. Ng3 g6
15. a4 exd4 16. cxd4 c5 17. d5 Bg7 18. Bf4 Nb6 19. axb5 axb5 20. Rxa8 Bxa8
21. Qa1 Nc4 22. Bd3 Qb6 23. Bxc4 bxc4 24. Qa2 Qb4 25. Bd2 Qb5 26. Bc3 Bb7
27. Qb1 Nd7 28. Qc2 Ra8 29. Bxg7 Kxg7 30. Qc3+ Kg8 31. Re2 Ra1+ 32. Kh2 Ra2
33. h4 Ba6 34. h5 Qb3 35. hxg6 hxg6 36. Rd2 Qxc3 37. bxc3 Ra3 38. Ne2 f6 39.
Rb2 Kf7 40. Kg3 Rb3 41. Ra2 Nb8 42. Kf4 Ke7 43. Ke3 g5 44. Nh2 Rb6 45. Ng4
Nd7 46. Ng3 Ne5 47. Nxe5 fxe5 48. Ra1 Kd7 49. Rh1 Rb3 50. Rh7+ Kd8 51. Ne2
Rb1 52. Rg7 Rd1 53. f3 Rd3+ 54. Kf2 Bb5 55. Ra7 Kc8 56. Ra5 Bd7 57. Ra8+ Kb7
58. Ra1 g4 59. Ra3 gxf3 60. gxf3 Kb6 61. Ng3 Rd2+ 62. Ke3 Rd3+ 63. Ke2 Bh3
64. Nf5 Bg2 65. Ne3 Bxf3+ 66. Kxf3 Kb5 67. Ke2 Rd4 68. cxd4 exd4 69. Nf5 c3
70. Nxd6+ Kb4 71. Ra1 Kb3 72. Kd1 Kb2 73. Rc1 d3 74. e5 Kb3 75. e6 c4 76.
Nxc4 Kxc4 77. e7 Kxd5 78. Rxc3 Kd6 79. e8=Q Kd5 80. Rxd3+ Kc4 81. Rd2 Kc3
82. Qc8+ Kb3 83. Rd7 {Black resigns} 1-0

[Event "ICC tourney 1921 (15 5)"]
[Site "Internet Chess Club"]
[Date "2020.07.17"]
[Round "4"]
[White "mutantpenguin"]
[Black "maglrashin"]
[Result "1-0"]
[ICCResult "Black forfeits on time"]
[WhiteElo "1298"]
[BlackElo "1269"]
[Opening "Bird: From gambit"]
[ECO "A02"]
[NIC "VO.07"]
[Time "15:16:17"]
[TimeControl "900+5"]

1. f4 e5 2. fxe5 d6 3. exd6 Bxd6 4. Nf3 Bg4 5. g3 Nc6 6. Bg2 Nf6 7. O-O h5
8. d4 Bxf3 9. exf3 h4 10. Re1+ Ne7 11. g4 c5 12. h3 cxd4 13. f4 Bc5 14. Kh1
Qc7 15. g5 Nh5 16. Qd3 O-O-O 17. Na3 Nxf4 18. Bxf4 Qxf4 19. Rf1 Qxg5 20. b4
Bb6 21. Qe4 Nd5 22. Rf5 Qe3 23. Rxd5 Qxa3 24. Ra5 Qxh3+ 25. Bxh3+ Kb8 26.
Bg2 Rd7 27. Rd5 Rhd8 28. Rxd7 Rxd7 29. Re1 a5 30. bxa5 Bxa5 31. Rb1 b6 32.
Qa8+ Kc7 33. Bc6 Re7 34. Qb7+ Kd6 35. Qc8 Rc7 36. Qd8+ Kxc6 37. Qxd4 Rd7 38.
Qxg7 {Black forfeits on time} 1-0

[Event "ICC tourney 1921 (15 5)"]
[Site "Internet Chess Club"]
[Date "2020.07.17"]
[Round "4"]
[White "piplup0621"]
[Black "imranchamp"]
[Result "0-1"]
[ICCResult "White forfeits on time"]
[WhiteElo "1336"]
[BlackElo "1479"]
[Opening "King's Indian, 3.Nf3"]
[ECO "E60"]
[NIC "QP.11"]
[Time "15:18:39"]
[TimeControl "900+5"]

1. Nf3 g6 2. d4 Nf6 3. c4 c5 4. Nc3 Bg7 5. e4 cxd4 6. Nxd4 d6 7. f3 Nc6 8.
Be3 O-O 9. Be2 a6 10. O-O Qc7 11. Qd2 Bd7 12. Rac1 e6 13. Rfd1 Rfd8 14. a3
Rac8 15. b4 Ne5 16. f4 Neg4 17. f5 Nxe3 18. Qxe3 exf5 19. exf5 Re8 20. Qf2
Ne4 21. Nxe4 Rxe4 22. fxg6 fxg6 23. Bf3 Rf8 24. Bxe4 Rxf2 25. Kxf2 Ba4 26.
Bc2 Qxc4 27. Bxa4 Bxd4+ 28. Kf3 Qd5+ 29. Kg3 Qg5+ 30. Kh3 Qf5+
{White forfeits on time}
0-1

[Event "ICC tourney 1921 (15 5)"]
[Site "Internet Chess Club"]
[Date "2020.07.17"]
[Round "4"]
[White "LChessMaster"]
[Black "WCCJCS"]
[Result "0-1"]
[ICCResult "White checkmated"]
[WhiteElo "1600"]
[BlackElo "1588"]
[Opening "Sicilian: Canal-Sokolsky attack, 3...Bd7"]
[ECO "B52"]
[NIC "SI.01"]
[Time "15:17:12"]
[TimeControl "900+5"]

1. e4 c5 2. Nf3 d6 3. Bb5+ Bd7 4. Bxd7+ Qxd7 5. b3 Nf6 6. d3 g6 7. Bb2 Bg7
8. O-O Nc6 9. Nbd2 O-O 10. Re1 Nh5 11. Bxg7 Kxg7 12. e5 dxe5 13. Nxe5 Nxe5
14. Rxe5 b6 15. Nc4 e6 16. Qf3 Nf6 17. Rae1 Qd4 18. Qe3 Qxe3 19. Nxe3 Rad8
20. a4 h5 21. Nc4 Rd5 22. Na3 Rxe5 23. Rxe5 Nd5 24. Kf1 Nb4 25. Ke2 Nc6 26.
Re4 f5 27. Re3 f4 28. Re4 f3+ 29. gxf3 Nd4+ 30. Rxd4 cxd4 31. Nb5 Rc8 32.
Kd2 e5 33. Nd6 Rd8 34. Ne4 Kf7 35. c4 dxc3+ 36. Kxc3 Ke6 37. Ng3 Rf8 38. Ne4
Kd5 39. Nd2 Rf4 40. b4 Rh4 41. Nf1 Rh3 42. a5 bxa5 43. bxa5 Rxf3 44. Ne3+
Kc5 45. Nc4 Rxf2 46. Nxe5 Rxh2 47. Nxg6 h4 48. d4+ Kd6 49. Ne5 Rf2 50. Kc4
h3 51. Ng4 Rg2 52. Ne3 h2 53. Nxg2 h1=Q 54. Ne3 Qc1+ 55. Kd3 Qa3+ 56. Ke4
Qb4 57. Nf5+ Ke6 58. Ng7+ Kf6 59. Ne8+ Ke7 60. Nc7 Qb7+ 61. Nd5+ Kd6 62. a6
Qxd5+ 63. Kd3 Kc6 64. Kc3 Kb5 65. Kd3 Qc4+ 66. Ke4 Kxa6 67. Ke5 Kb5 68. d5
Qc5 69. Ke6 Qe3+ 70. Kd6 a5 71. Kc7 Qe5+ 72. d6 a4 73. Kd7 a3 74. Kc7 a2 75.
Kd7 a1=Q 76. Kc7 Qa5+ 77. Kc8 Qc5+ 78. Kb7 Qab6+ 79. Ka8 Qcc6#
{White checkmated}
0-1

[Event "ICC tourney 1921 (15 5)"]
[Site "Internet Chess Club"]
[Date "2020.07.17"]
[Round "4"]
[White "JadeTooth"]
[Black "che8642"]
[Result "0-1"]
[ICCResult "White forfeits on time"]
[WhiteElo "1221"]
[BlackElo "1398"]
[Opening "Sicilian: closed"]
[ECO "B23"]
[NIC "SI.44"]
[Time "15:16:50"]
[TimeControl "900+5"]

1. e4 c5 2. Nc3 e6 3. g3 a6 4. Bg2 b5 5. d3 Bb7 6. Be3 Nf6 7. h3 d6 8. Qd2
Be7 9. Nge2 O-O 10. O-O Qc7 11. f4 d5 12. exd5 exd5 13. d4 c4 14. Nd1 Nbd7
15. f5 Bd6 16. Bf4 Rfe8 17. Bxd6 Qxd6 18. g4 Ne4 19. Bxe4 Rxe4 20. Ndc3 Re7
21. Qf4 Qb4 22. Qc7 Nf6 23. Qf4 Rae8 24. Rfe1 Ne4 25. Nxe4 Rxe4 26. Qf2 Qxb2
27. Rac1 Qa3 28. Nf4 Qxa2 29. Nh5 Qa3 30. Rxe4 Qxc1+ 31. Kh2 Rxe4 32. g5
Qxg5 {White forfeits on time} 0-1

[Event "ICC tourney 1921 (15 5)"]
[Site "Internet Chess Club"]
[Date "2020.07.17"]
[Round "4"]
[White "castle2king"]
[Black "Averyyu321"]
[Result "1-0"]
[ICCResult "Black checkmated"]
[WhiteElo "1378"]
[BlackElo "1240"]
[Opening "Sicilian: Canal-Sokolsky (Nimzovich-Rossolimo, Moscow) attack"]
[ECO "B51"]
[NIC "SI.01"]
[Time "15:16:04"]
[TimeControl "900+5"]

1. e4 c5 2. Nf3 d6 3. Bb5+ Nd7 4. O-O a6 5. Bd3 Ngf6 6. c3 g6 7. Bc2 Bg7 8.
d4 O-O 9. h3 b5 10. Re1 Bb7 11. e5 dxe5 12. dxe5 Nd5 13. e6 fxe6 14. Ng5 Nc7
15. Qg4 Nf6 16. Qh4 Qd7 17. Nd2 c4 18. Be4 Bxe4 19. Ndxe4 h6 20. Nxf6+ exf6
21. Nf3 g5 22. Qe4 f5 23. Qe2 Rad8 24. Be3 Qd3 25. Qxd3 Rxd3 26. Bd4 e5 27.
Nxe5 Bxe5 28. Rxe5 b4 29. Re7 Rc8 30. Rg7+ Kf8 31. Rh7 Ne6 32. Rh8+ Kf7 33.
Rxc8 Nxd4 34. cxd4 Rxd4 35. Rc1 g4 36. R8xc4 Rd5 37. hxg4 fxg4 38. Rf4+ Ke6
39. Rxb4 h5 40. Rb6+ Kf5 41. Rxa6 h4 42. Rac6 g3 43. R6c5 Rxc5 44. Rxc5+ Kf6
45. fxg3 hxg3 46. Rc3 Kf7 47. a4 Kf8 48. a5 Ke7 49. a6 Kf6 50. a7 Kf7 51.
a8=Q Ke7 52. Qb7+ Kf6 53. Qf3+ Ke6 54. Rc6+ Ke7 55. Qe4+ Kf8 56. Qf5+ Ke7
57. Re6+ Kd7 58. Qd5+ Kc7 59. Rc6+ Kb7 60. Qb5+ Ka7 61. Ra6# {Black
checkmated} 1-0

[Event "ICC tourney 1921 (15 5)"]
[Site "Internet Chess Club"]
[Date "2020.07.17"]
[Round "4"]
[White "espark"]
[Black "Aryangambit"]
[Result "1-0"]
[ICCResult "Black resigns"]
[WhiteElo "1694"]
[BlackElo "1769"]
[Opening "Sicilian: dragon, Yugoslav attack"]
[ECO "B75"]
[NIC "SI.17"]
[Time "15:18:39"]
[TimeControl "900+5"]

1. e4 c5 2. Nf3 d6 3. d4 cxd4 4. Nxd4 Nf6 5. Nc3 g6 6. Be3 Bg7 7. f3 a6 8.
Qd2 b5 9. a4 bxa4 10. Nxa4 Nbd7 11. Be2 Bb7 12. c4 h5 13. O-O O-O 14. b4 Qc7
15. Nb3 Rab8 16. Na5 Ba8 17. Rab1 Ne5 18. Rfc1 Rfc8 19. Kh1 Nc6 20. Nxc6
Bxc6 21. Nc3 Qd7 22. Nd5 Nxd5 23. exd5 Ba8 24. Bd4 Bxd4 25. Qxd4 Qa4 26. Qd2
Kg7 27. Rc2 Qd7 28. Ra2 Bb7 29. Ra5 f6 30. Rd1 Qd8 31. Bf1 Qb6 32. Re1 Kf8
33. Qh6+ Ke8 34. Qxg6+ Kd7 35. Qe4 Re8 36. Raa1 Qxb4 37. Qe6+ Kd8 38. Reb1
Qc5 39. Rxa6 Qc7 40. Rab6 Rf8 41. Qe3 Re8 42. Qb3 Kc8 43. Bd3 e6 44. dxe6
Re7 45. Be4 h4 46. Bxb7+ Rxb7 47. Rxb7 Qxb7 48. Qxb7+ Rxb7 49. Rxb7 Kxb7 50.
e7 Kc7 51. e8=Q {Black resigns} 1-0

[Event "ICC tourney 1921 (15 5)"]
[Site "Internet Chess Club"]
[Date "2020.07.17"]
[Round "4"]
[White "WCCJCB"]
[Black "tcrgm"]
[Result "1-0"]
[ICCResult "Black resigns"]
[WhiteElo "1639"]
[BlackElo "1550"]
[Opening "QGD semi-Slav"]
[ECO "D43"]
[NIC "SL.06"]
[Time "15:16:27"]
[TimeControl "900+5"]

1. d4 d5 2. c4 c6 3. Nc3 e6 4. Nf3 Nf6 5. Bg5 b6 6. e3 Ba6 7. Ne5 h6 8. Bh4
dxc4 9. Bxc4 Bxc4 10. Nxc4 Be7 11. O-O O-O 12. Bxf6 Bxf6 13. Ne4 Nd7 14. Rc1
Be7 15. Qe2 Nf6 16. Nxf6+ Bxf6 17. b4 Qd5 18. Rfd1 Rac8 19. e4 Qd7 20. e5
Be7 21. a3 Qd5 22. Ne3 Qe4 23. f3 Qg6 24. g3 f6 25. exf6 Bxf6 26. Nc4 Be7
27. Ne5 Qf6 28. Nxc6 Bd6 29. f4 Rfe8 30. Ne5 Bxe5 31. dxe5 Qe7 32. Qd3 Rxc1
33. Rxc1 Rd8 34. Qc4 Qd7 35. Qc6 Qd4+ 36. Kh1 Qd7 37. Qxd7 Rxd7 38. Rc3 Rd2
39. Kg1 Kf8 40. Rc8+ Ke7 41. Rc7+ Rd7 42. Rxd7+ Kxd7 43. Kf2 Kc6 44. Ke3 Kd5
45. h3 a5 46. bxa5 bxa5 47. Kd3 a4 48. Kc3 Kc5 49. g4 g6 50. h4 Kd5 51. Kb4
Ke4 52. Kxa4 Kxf4 53. Kb3 Kxe5 54. Kc4 Kd6 55. Kd4 e5+ 56. Ke4 Ke6 57. a4
Kd6 58. a5 Kc6 59. Kxe5 Kb5 60. Kf6 Kxa5 61. Kxg6 Kb5 62. Kxh6 Kc5 63. g5
Kd6 64. g6 Ke7 65. g7 {Black resigns} 1-0

[Event "ICC tourney 1921 (15 5)"]
[Site "Internet Chess Club"]
[Date "2020.07.17"]
[Round "4"]
[White "insatiable27"]
[Black "guineapig25"]
[Result "0-1"]
[ICCResult "White checkmated"]
[WhiteElo "1413"]
[BlackElo "1588"]
[Opening "Sicilian: closed, 6.Be3"]
[ECO "B26"]
[NIC "SI.45"]
[Time "15:16:27"]
[TimeControl "900+5"]

1. e4 c5 2. Nc3 Nc6 3. g3 g6 4. Bg2 Bg7 5. d3 d6 6. Be3 e6 7. Qd2 Rb8 8.
Nge2 a6 9. h4 h5 10. Kf1 Nge7 11. Kg1 O-O 12. Bh6 Nd4 13. Bxg7 Kxg7 14. Rf1
Nec6 15. f4 b5 16. Nd1 Nxe2+ 17. Qxe2 Ne7 18. g4 hxg4 19. Qxg4 f5 20. Qg3
Bd7 21. Ne3 Rh8 22. h5 Qe8 23. Qg5 Qf7 24. Kf2 Qf6 25. h6+ Kf7 26. Rh3 Qxb2
27. exf5 Nxf5 28. Nxf5 gxf5 29. Bf3 Qf6 30. Rg1 Rbg8 31. Bh5+ Ke7 32. Qxg8
Rxg8 33. Rxg8 Qxh6 34. Rg5 Qh8 35. Rhg3 Qd4+ 36. Ke2 Qxf4 37. Rg7+ Kd8 38.
Rg8+ Kc7 39. R8g7 Qe5+ 40. Kd2 f4 41. Rg1 Qxh5 42. Kc1 Qe5 43. R7g5 Qe3+ 44.
Kb2 e5 45. Rg7 Qd4+ 46. Kc1 Qa1+ 47. Kd2 Qxa2 48. Re7 Qa5+ 49. Ke2 b4 50.
Rgg7 Qb5 51. Rgf7 a5 52. Kd1 a4 53. Kc1 a3 54. Kb1 b3 55. c4 Qc6 56. Rh7 Qa4
57. Rhg7 a2+ 58. Ka1 b2+ 59. Kxb2 a1=Q# {White checkmated} 0-1

[Event "ICC tourney 1921 (15 5)"]
[Site "Internet Chess Club"]
[Date "2020.07.17"]
[Round "4"]
[White "pangpangba"]
[Black "Heliosis"]
[Result "1-0"]
[ICCResult "Black forfeits on time"]
[WhiteElo "1393"]
[BlackElo "1330"]
[Opening "Scotch: Meitner variation"]
[ECO "C45"]
[NIC "SO.05"]
[Time "15:16:19"]
[TimeControl "900+5"]

1. e4 e5 2. Nf3 Nc6 3. d4 exd4 4. Nxd4 Bc5 5. Be3 Qf6 6. c3 Nge7 7. Nc2 Bxe3
8. Nxe3 d6 9. Be2 O-O 10. O-O Qg6 11. Nd2 f5 12. exf5 Bxf5 13. Nxf5 Nxf5 14.
Bd3 Ne5 15. Nf3 Nxd3 16. Qxd3 Kh8 17. Nd4 Nxd4 18. Qxd4 Qc2 19. Qb4 b6 20.
Rac1 Qf5 21. Rce1 h6 22. Qe4 Qxe4 23. Rxe4 Rae8 24. Rfe1 Rxe4 25. Rxe4 Rf7
26. f3 g5 27. Kf2 Kg7 28. Ke3 Kf6 29. f4 c5 30. fxg5+ hxg5 31. h4 gxh4 32.
Rxh4 Rg7 33. Kf3 d5 34. Rh5 Ke6 35. g4 d4 36. cxd4 cxd4 37. Rh1 Kd5 38. Rg1
Rf7+ 39. Ke2 Ke4 40. g5 d3+ 41. Kd2 Rf2+ 42. Kc1 Ke3 43. g6 Rc2+ 44. Kb1 Rc8
45. g7 d2 46. b3 {Black forfeits on time} 1-0

[Event "ICC tourney 1921 (15 5)"]
[Site "Internet Chess Club"]
[Date "2020.07.17"]
[Round "4"]
[White "soggydollar"]
[Black "poohfur"]
[Result "1/2-1/2"]
[ICCResult "Game drawn by mutual agreement"]
[WhiteElo "1422"]
[BlackElo "1445"]
[Opening "Ruy Lopez: 5.O-O"]
[ECO "C78"]
[NIC "RL.12"]
[Time "15:16:21"]
[TimeControl "900+5"]

1. e4 e5 2. Nf3 Nc6 3. Bb5 a6 4. Ba4 Nf6 5. O-O b5 6. Bb3 Bc5 7. c3 d6 8.
Re1 O-O 9. d4 Bb6 10. Bd5 Bd7 11. dxe5 dxe5 12. Nxe5 Nxe5 13. Bxa8 Qxa8 14.
Bf4 Neg4 15. Bg3 Rd8 16. Nd2 Qa7 17. Qe2 Re8 18. h3 Nh5 19. Bh4 Ngf6 20. e5
Nf4 21. Qf3 N6d5 22. Bg5 Bxf2+ 23. Qxf2 Qxf2+ 24. Kxf2 Nd3+ 25. Kg1 Nxe1 26.
Rxe1 f6 27. Bh4 Rxe5 28. Rxe5 fxe5 29. Kf2 Nf4 30. Bg3 Nd3+ 31. Ke3 Nxb2 32.
Bxe5 Na4 33. Ne4 c5 34. c4 bxc4 35. Bd6 Be6 36. Nxc5 Nxc5 37. Bxc5 Kf7 38.
a3 Kg6 39. g4 Kg5 40. Be7+ Kg6 41. Bd8 h5 42. gxh5+ Kxh5 43. h4 Kg4 44. Bg5
Kf5 45. Kd4 g6 46. Be7 Kf4 47. Bg5+ Kf3 48. Kc3 Ke2 49. Bd8 Ke3 50. Bg5+ Ke2
51. Bd8 Ke3 {Game drawn by mutual agreement} 1/2-1/2

[Event "ICC tourney 1921 (15 5)"]
[Site "Internet Chess Club"]
[Date "2020.07.17"]
[Round "4"]
[White "avaanc"]
[Black "lukeye"]
[Result "1-0"]
[ICCResult "Black resigns"]
[WhiteElo "1658"]
[BlackElo "1819"]
[Opening "Sicilian: Najdorf"]
[ECO "B90"]
[NIC "SI.14"]
[Time "15:16:19"]
[TimeControl "900+5"]

1. e4 c5 2. Nf3 d6 3. d4 cxd4 4. Nxd4 Nf6 5. Nc3 a6 6. f3 e6 7. Be3 h5 8.
Rg1 Be7 9. Qd2 b5 10. h3 Bb7 11. O-O-O h4 12. g3 hxg3 13. Rxg3 Nh5 14. Rg1
Nd7 15. Be2 Ndf6 16. Bg5 Rc8 17. Be3 g6 18. Ncxb5 axb5 19. Bxb5+ Nd7 20.
Rxg6 e5 21. Nf5 fxg6 22. Nxd6+ Bxd6 23. Qxd6 Nf6 24. Bxd7+ Nxd7 25. Qxg6+
Kf8 26. Bh6+ Rxh6 27. Qxh6+ Kf7 28. Qh7+ Kf8 29. Qxd7 Qxd7 30. Rxd7 Bc6 31.
Rd6 Ke7 32. Rg6 Bd7 33. Rg7+ Ke6 34. Rh7 Rf8 35. Rh6+ Ke7 36. Rh7+ Kd6 37.
Kd2 Rxf3 38. h4 Rf2+ 39. Kc3 Rf4 40. Kd3 Bc6 41. Rh6+ Kc7 42. Re6 Rxe4 43.
Rxc6+ {Black resigns} 1-0

[Event "ICC tourney 1921 (15 5)"]
[Site "Internet Chess Club"]
[Date "2020.07.17"]
[Round "4"]
[White "magmamaster"]
[Black "saisneha"]
[Result "0-1"]
[ICCResult "White checkmated"]
[WhiteElo "1312"]
[BlackElo "1541"]
[Opening "QGD: 4.Bg5 Be7"]
[ECO "D53"]
[NIC "QO.13"]
[Time "15:16:11"]
[TimeControl "900+5"]

1. d4 Nf6 2. c4 e6 3. Nc3 d5 4. Bg5 Be7 5. Nf3 O-O 6. Qc2 c5 7. e3 h6 8. Bh4
Nc6 9. cxd5 exd5 10. Bd3 Be6 11. O-O Qd7 12. Rfe1 c4 13. Be2 Nb4 14. Qb1 Bf5
15. Ne5 Qe6 16. Qd1 Nc2 17. Bf3 Nxe1 18. Qxe1 Rfd8 19. Nb5 Qb6 20. Nc3 Be6
21. Rb1 a6 22. e4 dxe4 23. Nxe4 Qxd4 24. Nxf6+ Bxf6 25. Rd1 Qxe5 26. Rxd8+
Rxd8 27. Qxe5 Bxe5 28. Bxd8 Bxb2 29. Bxb7 c3 30. Be4 Bxa2 31. Bc2 Ba3 32. f4
Bb4 33. Kf2 f6 34. Bb6 Kf7 35. Ke3 Ke6 36. Kd4 Kd6 37. g3 Kc6 38. Ba7 a5 39.
Kd3 Kb5 40. Bd4 Bc4+ 41. Ke4 a4 42. Bd3 a3 43. Bxc4+ Kxc4 44. Bb6 a2 45. Kf5
a1=Q 46. Kg6 c2 47. Kxg7 c1=Q 48. Kxh6 Qh1 49. h4 Qh3 50. Bf2 f5 51. h5 Qf6+
52. Kh7 Qf7+ 53. Kh6 Qhxh5# {White checkmated} 0-1

[Event "ICC tourney 1921 (15 5)"]
[Site "Internet Chess Club"]
[Date "2020.07.17"]
[Round "4"]
[White "siddhu25"]
[Black "woodychess"]
[Result "1/2-1/2"]
[ICCResult "Game drawn by mutual agreement"]
[WhiteElo "1476"]
[BlackElo "1551"]
[Opening "Sicilian: Najdorf, 6.Bg5"]
[ECO "B94"]
[NIC "SI.04"]
[Time "15:16:28"]
[TimeControl "900+5"]

1. e4 c5 2. Nf3 d6 3. d4 cxd4 4. Nxd4 Nf6 5. Nc3 a6 6. Bg5 Nbd7 7. Qd2 Qb6
8. Nb3 e6 9. O-O-O Be7 10. Be3 Qc7 11. f3 b5 12. g4 h6 13. h4 Bb7 14. Be2 b4
15. Nb1 Ne5 16. g5 Nfd7 17. gxh6 gxh6 18. Rhg1 Rc8 19. f4 Bxe4 20. c3 Nc4
21. Bxc4 Qxc4 22. Qd4 Qxd4 23. Bxd4 e5 24. fxe5 dxe5 25. Be3 Nc5 26. Bxc5
Bxc5 27. Rge1 f5 28. N1d2 bxc3 29. Nxe4 cxb2+ 30. Kxb2 fxe4 31. Rxe4 O-O 32.
Rxe5 Rf2+ 33. Kb1 Bf8 34. Rg1+ Bg7 35. Rc5 Rb2+ 36. Kc1 Rxc5+ 37. Nxc5 Rxa2
38. Rg6 Kf7 39. Rxa6 Rh2 40. Ra7+ Kg6 41. Ne6 Bf6 42. h5+ Kf5 43. Ng7+ Bxg7
44. Rxg7 Rxh5 45. Kd2 Kf6 46. Rg2 Re5 47. Re2 Rf5 48. Ke3 Kg5 49. Rf2 Ra5
50. Kf3 h5 51. Kg3 Ra3+ 52. Rf3 h4+ 53. Kg2 Ra1 54. Kh3 Rh1+ 55. Kg2 Rc1 56.
Kh3 Rc2 57. Ra3 Rb2 58. Ra5+ Kf4 59. Ra4+ Kg5 60. Rg4+ Kh5 61. Rxh4+ Kg5 62.
Rg4+ Kh5 63. Rg3 Ra2 64. Rg2 Ra3+ 65. Rg3 Ra1 66. Rb3 Rh1+ 67. Kg2 Rc1 68.
Kh3 Rd1 69. Rb5+ Kg6 70. Kg4 Rd4+ 71. Kg3 Ra4 72. Kf3 Ra3+ 73. Kg4 Ra4+ 74.
Kf3 Ra3+ 75. Kg4 Ra4+ 76. Kf3 Ra3+ 77. Kg4 Ra1 78. Rb6+ Kf7 79. Kf5 Rf1+ 80.
Ke5 Re1+ 81. Kf5 Ra1 82. Rb7+ Ke8 83. Ke6 Ra6+ 84. Kd5 Rh6 85. Ke5 Kd8 86.
Kd5 Kc8 87. Rg7 Rh5+ 88. Kc6 Rh6+ 89. Kd5 Ra6 90. Kc5 Kd8 91. Kd5 Ke8 92.
Rb7 Kf8 93. Ke5 Ra5+ 94. Kf6 Ra6+ 95. Kf5 Rc6 96. Ra7 Rb6 97. Rc7 Rb5+ 98.
Kf6 Rb6+ 99. Kf5 Ra6 100. Rb7 {Game drawn by mutual agreement} 1/2-1/2

[Event "ICC tourney 1921 (15 5)"]
[Site "Internet Chess Club"]
[Date "2020.07.17"]
[Round "4"]
[White "VincentT2008"]
[Black "erickzhao"]
[Result "0-1"]
[ICCResult "White checkmated"]
[WhiteElo "1347"]
[BlackElo "1352"]
[Opening "Grünfeld: exchange variation"]
[ECO "D85"]
[NIC "GI.04"]
[Time "15:16:44"]
[TimeControl "900+5"]

1. d4 Nf6 2. c4 g6 3. Nc3 d5 4. cxd5 Nxd5 5. e4 Nxc3 6. bxc3 Bg7 7. Be3 O-O
8. Nf3 c5 9. Qd2 Bg4 10. Be2 Qa5 11. Rc1 Nc6 12. d5 Rfd8 13. O-O e6 14. c4
Qxd2 15. Bxd2 Bxf3 16. Bxf3 Nd4 17. Bc3 Rd6 18. Rfe1 Ra6 19. Bxd4 Bxd4 20.
Rc2 e5 21. Bd1 f5 22. Rce2 fxe4 23. Bb3 Rf8 24. Rf1 Raf6 25. Bc2 e3 26. f3
Ra6 27. Be4 Rd8 28. g3 Ra4 29. Rb1 b6 30. Bd3 Kf7 31. Kg2 Ke7 32. h4 Kf6 33.
Rb3 h5 34. a3 g5 35. Ra2 gxh4 36. gxh4 Rg8+ 37. Kh2 Rg1 38. Rg2 Rd1 39. Re2
Ra1 40. Rg2 R4xa3 41. Rg6+ Kf7 42. d6 Rxb3 43. d7 Ke7 44. Rg7+ Kd8 45. Bf5
Rb2+ 46. Kh3 Rh1+ 47. Kg3 Rg1+ 48. Kh3 Rxg7 49. f4 e2 50. fxe5 e1=Q 51. Be4
Qg3# {White checkmated} 0-1

[Event "ICC tourney 1921 (15 5)"]
[Site "Internet Chess Club"]
[Date "2020.07.17"]
[Round "4"]
[White "cruiseship"]
[Black "harkerchess"]
[Result "1-0"]
[ICCResult "Black checkmated"]
[WhiteElo "1280"]
[BlackElo "1454"]
[Opening "Ruy Lopez: closed defense"]
[ECO "C84"]
[NIC "RL.13"]
[Time "15:16:26"]
[TimeControl "900+5"]

1. e4 e5 2. Nf3 Nc6 3. Bb5 a6 4. Ba4 Nf6 5. O-O Be7 6. c3 b5 7. Bc2 d6 8. h3
Nb8 9. d4 Nbd7 10. Re1 O-O 11. a4 Bb7 12. d5 c6 13. dxc6 Bxc6 14. a5 Qc7 15.
Nh4 Nc5 16. Nf5 Ncxe4 17. Bxe4 Bxe4 18. Rxe4 Nxe4 19. Qg4 g6 20. Nxe7+ Qxe7
21. Qxe4 Qe6 22. Bh6 d5 23. Qe3 Rfe8 24. Nd2 Rad8 25. Nf3 Qd6 26. Qb6 f6 27.
Be3 Kf7 28. Rd1 Re6 29. Ne1 Qe7 30. Qc5 Qxc5 31. Bxc5 Rc6 32. Bb6 Rdd6 33.
Nc2 d4 34. Nb4 dxc3 35. Rxd6 Rxd6 36. bxc3 Rd1+ 37. Kh2 Rc1 38. Nxa6 Rxc3
39. Nc7 b4 40. a6 Ra3 41. Bc5 Ra4 42. Bxb4 Rxb4 43. a7 Ra4 44. a8=Q Rxa8 45.
Nxa8 Ke6 46. Nb6 Kd6 47. Nc4+ Kd5 48. Ne3+ Ke6 49. g4 Kd6 50. Kg3 Kc5 51. h4
Kd4 52. Kf3 Kd3 53. h5 Kd4 54. h6 Kc5 55. Ke4 Kd6 56. g5 f5+ 57. Nxf5+ gxf5+
58. Kxf5 Kd5 59. g6 hxg6+ 60. Kxg6 Ke4 61. h7 Kf3 62. h8=Q e4 63. Qf6+ Ke2
64. Qf4 Kf1 65. Qxe4 Kg1 66. Kg5 Kf1 67. Qe3 Kg2 68. Kg4 Kf1 69. Kg3 Kg1 70.
Qc1# {Black checkmated} 1-0

[Event "ICC tourney 1921 (15 5)"]
[Site "Internet Chess Club"]
[Date "2020.07.17"]
[Round "4"]
[White "andrewjiang2"]
[Black "kralj8"]
[Result "1/2-1/2"]
[ICCResult "Game drawn by mutual agreement"]
[WhiteElo "1329"]
[BlackElo "1666"]
[Opening "Two knights defense (Modern bishop's opening)"]
[ECO "C55"]
[NIC "IG.01"]
[Time "15:16:08"]
[TimeControl "900+5"]

1. e4 e5 2. Nf3 Nc6 3. Bc4 Nf6 4. d3 d6 5. Ng5 d5 6. exd5 Na5 7. O-O h6 8.
Nf3 Nxc4 9. dxc4 Bg4 10. Re1 e4 11. Nbd2 Bxf3 12. Qxf3 Be7 13. Nxe4 O-O 14.
Nxf6+ Bxf6 15. Rb1 Re8 16. Rxe8+ Qxe8 17. Bxh6 Bxb2 18. Be3 Bf6 19. Rxb7 Qa4
20. Qe4 Qxa2 21. h3 Qa6 22. Rb1 Rd8 23. Qf4 Qa2 24. Rf1 Rd7 25. Qe4 Rd8 26.
g4 Qa4 27. g5 Re8 28. Qd3 Bd8 29. Qc3 Qd7 30. Kg2 Qf5 31. Qd3 Qe5 32. Qd4
Qf5 33. f4 Qxc2+ 34. Rf2 Qe4+ 35. Rf3 Qxd4 36. Bxd4 Re4 37. Bxa7 Rxc4 38.
Re3 Kf8 39. Kf3 Be7 40. Re4 Rc3+ 41. Be3 Bc5 42. Ke2 Bxe3 43. Rxe3 Rc4 44.
Kf3 Rd4 45. Re5 f6 46. gxf6 gxf6 47. Re6 Kf7 48. Rc6 Rxd5 49. Rxc7+ Kg6 50.
Kg4 f5+ 51. Kh4 Rd6 52. Rc8 Ra6 53. Rg8+ Kf7 54. Rg5 Rh6+ 55. Kg3 Kf6 56. h4
Rg6 57. Rxg6+ Kxg6 58. Kf3 Kh5 59. Kg3 Kh6 60. Kf3 Kh5
{Game drawn by mutual agreement}
1/2-1/2